Map: Ulrena

Players

TiTaAn

  • Race: Zerg Zerg
  • League: Silver
  • Spawn Location: 7:00

zidar - Winner!

  • Race: Zerg Zerg
  • League: Silver
  • Spawn Location: 11:00

VOD

Have the link to the VOD?

Description

Time

  • Played on: Jan. 16, 2016, 2:40 p.m.
  • Length: 8:47
Show
View Real Time Build Order
Export as new Build Order

TiTaAn Zerg 

Build Orders: 1 Base Baneling Bust, Pool First 

Get SALT Encoding   

  12  0:02  Drone  
  13  0:10  Drone  
  14  0:28  Spawning Pool  
  13  0:31  Drone  
  13  0:33  Extractor  
  13  0:37  Drone  
  13  0:41  Extractor  
  13  0:43  Drone  
  15  0:51  Overlord  
  15  1:16  Zergling x6  
  18  1:27  Queen  
  20  1:38  Metabolic Boost  
  20  1:44  Zergling x4  
  20  2:28  Baneling Nest  
  19  2:33  Hatchery  
  19  2:34  Zergling x2  
  19  2:35  Zergling x4  
  20  2:48  Zergling x4  
  20  2:49  Overlord  
  19  3:24  Zergling x10  
  19  3:25  Zergling x2  
  24  3:48  Drone x2  
  17  4:24  Zergling x2  
  17  4:25  Zergling x12  
  24  4:37  Evolution Chamber  
  20  4:57  Zergling x12  
  24  5:03  Zerg Melee Weapons Level 1  
  22  5:27  Zergling x12  
  23  5:45  Zergling x8  
  26  5:55  Drone  
  27  6:15  Queen  
  29  6:23  Drone  
  29  6:24  Drone x4  
  34  6:41  Overlord x2  
  24  7:24  Roach Warren  
  24  7:28  Zergling x14  
  24  7:29  Zergling x10  
  35  7:33  Drone  
  26  7:59  Zergling x4  
  26  8:00  Zergling x10  
  27  8:08  Zergling x4  
Show
View Real Time Build Order
Export as new Build Order

zidar Zerg - Winner!

Build Orders: Pool First 

Get SALT Encoding   

  12  0:01  Drone  
  13  0:12  Overlord  
  13  0:17  Drone  
  14  0:23  Extractor, Drone  
  14  0:30  Drone  
  15  0:46  Spawning Pool  
  15  0:48  Drone  
  15  0:55  Drone  
  16  0:57  Drone  
  17  1:27  Hatchery  
  16  1:33  Drone  
  16  1:36  Metabolic Boost  
  17  1:48  Queen  
  17  1:53  Zergling x2  
  20  1:56  Zergling x2  
  20  1:59  Zergling x2  
  20  2:19  Zergling x4  
  22  2:40  Queen  
  23  3:18  Zergling x2  
  20  3:30  Spine Crawler  
  19  3:36  Overlord  
  19  3:37  Overlord  
  18  3:54  Roach Warren  
  17  3:59  Zergling x8  
  21  4:13  Zergling x4  
  23  4:22  Spawning Pool  
  22  4:28  Drone x2  
  18  5:01  Roach x5  
  26  5:26  Roach x2  
  28  5:58  Hatchery  
  27  6:25  Roach  
  29  6:28  Overlord x2  
  29  6:45  Queen  
  31  6:49  Roach x3  
  31  6:50  Roach  
  35  7:26  Roach x3  
  35  7:27  Roach  
  43  7:34  Roach  
  39  8:18  Roach x3  
Tags
 
Add a new tag
Caveats
  • Supply blocks, unpowered buildings, or Contaminate may cause inaccurate times.
  • Supply counts are checked every 10 seconds.